 Seeded DCSS version 0.31-a0-1447-g87ca8d402b (webtiles) character file.

Game seed: 16090307882996012164 (custom seed)

5317 thriggle the Trooper (level 10, -5/79 HPs)
             Began as a Barachi Fighter on Dec 28, 2023.
             Was an Elder of Sif Muna.
             Slain by Gastronok (13 damage)
             ... on level 8 of the Dungeon.
             The game lasted 00:54:15 (7849 turns).

thriggle the Trooper (Barachi Fighter)              Turns: 7849, Time: 00:54:15

Health: -5/79      AC: 20    Str: 20    XL:     10   Next: 64%
Magic:  11/17      EV: 13    Int: 11    God:    Sif Muna [****..]
Gold:   342        SH:  6    Dex: 11    Spells: 6/18 levels left

rFire   + . .        v - +9 lance "Wyrmbane" {slay drac, rPois rF+ rC+ AC+3}
rCold   + + .        c - +1 buckler
rNeg    . . .        o - +2 leather armour {rC+}
rPois   +            (helmet restricted)
rElec   .            (no cloak)
rCorr   .            (no gloves)
SInv    .            m - +2 pair of boots
Will    .....        (no amulet)
Stlth   ++           s - ring of Okawaru, Teaching {AC+4 Slay+4}
HPRegen 0.33/turn    k - +4 ring of protection
MPRegen 0.15/turn

%: no passive effects
@: slow
A: amphibious, slowness 1, strong legs 1, +LOS, antennae 1
a: Hop, Renounce Religion, Channel Magic, Forget Spell, Divine Exegesis


You were on level 8 of the Dungeon.
You worshipped Sif Muna.
Sif Muna was greatly pleased with you.
You visited 1 branch of the dungeon, and saw 8 of its levels.

You collected 463 gold pieces.
You spent 121 gold pieces at shops.

Inventory:

Hand Weapons
 e - a +3 trident
 f - a +1 falchion of holy wrath
 g - the +7 trident "Voikydd" {flame, *Rage rCorr Int-4 SInv}
   (You found it on level 7 of the Dungeon)

   Int-4:     It affects your intelligence (-4).
   SInv:      It lets you see invisible.
   *Rage:     It berserks you when you make melee attacks (+20% chance).
   rCorr:     It protects you from acid and corrosion.
 l - a +1 dagger of draining
 v - the +9 lance "Wyrmbane" (weapon) {slay drac, rPois rF+ rC+ AC+3}
   (You took it off Maggie on level 8 of the Dungeon)

   AC+3:      It affects your AC (+3).
   rF+:       It protects you from fire.
   rC+:       It protects you from cold.
   rPois:     It protects you from poison
Missiles
 h - 22 stones (quivered)
 n - 3 curare-tipped darts
 u - 12 poisoned darts
Armour
 b - a +0 scale mail
 c - a +1 buckler (worn)
 m - a +2 pair of boots (worn)
 o - a +2 leather armour of cold resistance (worn)
 z - +0 swamp dragon scales
Jewellery
 k - a +4 ring of protection (right hand)
 r - an amulet of guardian spirit
 s - the ring of Okawaru, Teaching (left hand) {AC+4 Slay+4}
   (You found it on level 7 of the Dungeon)

   [ring of protection]

   AC+4:      It affects your AC (+4).
   Slay+4:    It affects your accuracy & damage with ranged weapons and melee
   (+4).
 w - a ring of wizardry
 E - a +6 ring of intelligence
Wands
 D - a wand of polymorph (8)
Scrolls
 a - 2 scrolls of teleportation
 y - 2 scrolls of immolation
 B - a scroll of revelation
 C - a scroll of fog
 F - a scroll of enchant weapon
Potions
 d - a potion of might
 i - 2 potions of haste
 j - 3 potions of attraction
 p - 3 potions of enlightenment
 q - 3 potions of lignification {unknown}
 t - 2 potions of curing
 x - a potion of invisibility
 A - 3 potions of brilliance
 G - a potion of mutation


   Skills:
 + Level 7.3 Fighting
 + Level 5.5 Polearms
 + Level 3.2 Throwing
 + Level 7.1 Armour
 + Level 5.5 Dodging
 + Level 5.0 Stealth
 + Level 6.5 Shields
 + Level 4.8 Spellcasting
 + Level 2.8 Conjurations
 + Level 5.2 Fire Magic
 + Level 1.6 Invocations


You had 6 spell levels left.
You knew the following spells:

 Your Spells              Type           Power      Damage    Failure   Level
a - Scorch                Fire           28%        2d6       5%          2
b - Flame Wave            Conj/Fire      11%        2d6       50%         4
c - Summon Cactus Giant   Summ           1%         N/A       100%        6

Your spell library contained the following spells:

 Spells                   Type           Power      Damage    Failure   Level


Dungeon Overview and Level Annotations

Branches:
Dungeon (8/15)             Temple (0/1) D:4
   Lair: D:8-11

Altars:
Qazlal
Sif Muna
Vehumet
Wu Jian
Xom
Yredelemnul

Shops:
D:2 =   D:4 !

Annotations:
D:8 Gastronok


Innate Abilities, Weirdness & Mutations

You are amphibious.
You cover ground slowly.
You can hop short distances.
You have an extended range of vision and can be seen from far away.
You have a pair of small antennae on your head.


Message History

Gastronok is lightly wounded.
Okay, then.
Found a short sword and a scroll of teleportation.
Gastronok waves his eye-stalks in wide circles.
The air twists around and strikes you!!
You puncture Gastronok!
Gastronok is lightly wounded.
You puncture Gastronok!
Gastronok is moderately wounded.
You puncture Gastronok!
Gastronok is moderately wounded.
You block Gastronok's attack.
You hit Gastronok.
Gastronok is moderately wounded.
You hit Gastronok.
Gastronok is moderately wounded.
Gastronok chants a spell, wobbling all the while.
Gastronok puts on a burst of speed!
You hit Gastronok.
Gastronok is heavily wounded.
You puncture Gastronok!
Gastronok is heavily wounded.
Gastronok gurgles, "You're how I like my food.
Fast!"
Gastronok bites you!
You puncture Gastronok!
Gastronok is heavily wounded.
Casting: Scorch (safe; 5% risk of failure)
Confirm with . or Enter, or press ? or * to list all spells.
Flames lash Gastronok.
Gastronok is burned terribly!
Gastronok is heavily wounded.
You hit Gastronok.
Gastronok is heavily wounded.
Gastronok bites you!!
* * * LOW HITPOINT WARNING * * *
You puncture Gastronok!
Gastronok is severely wounded.
Unknown command.
You feel better. Gastronok bites you!
You die...
Gastronok gurgles, "Time to dig in!"

#........##
#...........
#........#..
........#.# #.
.......#.# #.# #
###....?##.# .. #
##.......##.# #.## #
#......w.##.#
#..#### #.@####.#
##..... ##......#
#...##. #.###..#
###.[.... #.#
#..###.......)
#.###.............
#.>.........#.....
##.........###.....
....................
.............##.....


You could see Gastronok (swift, combustible).

Vanquished Creatures
  Maggie (D:8)
  A hornet (D:8)
  Eustachio (D:6)
  Grum (D:8)
  A steam dragon (D:6)
  Edmund (D:6)
  4 water moccasins
  Duvessa (D:6)
  2 black bears
  An orc warrior (D:7)
  2 sky beasts
  An ice beast (D:4)
  4 ogres
  3 wolves
  2 centaurs
  A phantom (D:5)
  A wyvern zombie (D:7)
  3 bullfrogs (D:7)
  A necrophage (D:7)
  Blork the orc (D:6)
  5 scorpions
  Dowan (D:6)
  12 wights
  5 howler monkeys
  A centaur zombie (D:7)
  2 bullfrog zombies (D:7)
  A human zombie (D:7)
  3 orc priests (D:7)
  3 hounds (D:5)
  2 jellies
  2 sleepcaps
  2 gnoll boudas
  2 iguanas
  2 orc wizards
  2 killer bee zombies (D:7)
  2 howler monkey zombies (D:7)
  8 gnolls
  7 adders
  A white imp (D:7)
  4 ufetubi (D:6)
  3 worms
  11 dart slugs (D:4)
  12 orcs
  6 endoplasms
  3 giant cockroaches
  9 hobgoblins
  6 jackals (D:1)
  3 quokkas
  7 ball pythons
  6 bats
  5 frilled lizards
  4 goblins
  9 kobolds
  3 rats
187 creatures vanquished.

Notes
Turn   | Place    | Note
-------+----------+-------------------------------------------
     0 | D:1      | thriggle the Barachi Fighter began the quest for the Orb.
     0 | D:1      | Reached XP level 1. HP: 18/18 MP: 1/1
    61 | D:1      | Reached XP level 2. HP: 25/25 MP: 2/2
   156 | D:1      | Reached XP level 3. HP: 30/30 MP: 3/3
   482 | D:2      | Found a radiant altar of Vehumet.
   580 | D:2      | Found a faded altar of an unknown god.
   587 | D:2      | Prayed at the altar of an unknown god.
   587 | D:2      | Became a worshipper of Sif Muna the Loreminder
   587 | D:2      | Reached * piety under Sif Muna
   600 | D:2      | Reached skill level 1 in Dodging
   614 | D:2      | Found Xusyledi's Jewellery Emporium.
   869 | D:2      | Reached skill level 1 in Throwing
   869 | D:2      | Reached skill level 1 in Stealth
   873 | D:2      | Learned a level 2 spell: Scorch
  1008 | D:2      | Gained mutation: You do not regenerate when monsters are
                  | visible. [potion of mutation]
  1008 | D:2      | Gained mutation: Your spells are a little easier to cast,
                  | but a little less powerful. [potion of mutation]
  1008 | D:2      | Lost mutation: Your spells are a little easier to cast, but
                  | a little less powerful. [potion of mutation]
  1009 | D:2      | Lost mutation: You do not regenerate when monsters are
                  | visible. [potion of mutation]
  1009 | D:2      | Gained mutation: You have a pair of small antennae on your
                  | head. [potion of mutation]
  1080 | D:2      | Reached XP level 4. HP: 35/37 MP: 4/4
  2285 | D:4      | Noticed an ogre
  2285 | D:4      | Found Baunaude's Distillery.
  2290 | D:4      | Killed an ogre
  2291 | D:4      | Reached skill level 1 in Fire Magic
  2291 | D:4      | Reached XP level 5. HP: 41/43 MP: 4/6
  2294 | D:4      | Reached ** piety under Sif Muna
  2303 | D:4      | Reached skill level 1 in Spellcasting
  2336 | D:4      | Bought a potion of curing for 33 gold pieces
  2336 | D:4      | Bought a potion of invisibility for 88 gold pieces
  2383 | D:4      | Noticed an ice beast
  2407 | D:4      | Killed an ice beast
  2408 | D:4      | Reached XP level 6. HP: 39/49 MP: 3/8
  2698 | D:4      | Found a shimmering altar of Xom.
  2698 | D:4      | Found an ornate altar of the Wu Jian Council.
  2901 | D:4      | Reached XP level 7. HP: 55/55 MP: 9/9
  2921 | D:4      | Found a staircase to the Ecumenical Temple.
  2944 | D:4      | Learned a level 4 spell: Flame Wave
  3263 | D:4      | You fall into a shaft and drop 1 floor!
  3263 | D:5      | Entered Level 5 of the Dungeon
  3534 | D:5      | Reached skill level 5 in Fighting
  3583 | D:5      | Reached skill level 1 in Conjurations
  3825 | D:5      | Reached skill level 5 in Armour
  4344 | D:6      | Noticed Edmund
  4359 | D:6      | Reached XP level 8. HP: 52/62 MP: 11/11
  4368 | D:5      | Reached *** piety under Sif Muna
  4531 | D:6      | Killed Edmund
  4635 | D:6      | Reached skill level 5 in Shields
  5124 | D:6      | Reached XP level 9. HP: 17/69 MP: 11/14
  5128 | D:6      | Noticed Eustachio
  5459 | D:6      | Killed Eustachio
  5467 | D:6      | Noticed Blork the orc
  5481 | D:6      | Killed Blork the orc
  5624 | D:6      | Noticed Duvessa
  5624 | D:6      | Noticed Dowan
  5639 | D:6      | Killed Dowan
  5642 | D:6      | Killed Duvessa
  5673 | D:6      | Found a stormy altar of Qazlal.
  5921 | D:7      | Found a basalt altar of Yredelemnul.
  6165 | D:7      | Reached skill level 5 in Polearms
  6243 | D:7      | Reached **** piety under Sif Muna
  6244 | D:7      | Reached skill level 5 in Dodging
  6251 | D:7      | Learned a level 6 spell: Summon Cactus Giant
  6329 | D:7      | Reached XP level 10. HP: 71/77 MP: 9/16
  6594 | D:7      | Identified the +7 trident "Voikydd" {flame, *Rage rCorr
                  | Int-4 SInv}
  7408 | D:7      | Identified the ring of Okawaru, Teaching {AC+4 Slay+4}
  7434 | D:8      | Noticed Maggie
  7440 | D:8      | Noticed Gastronok
  7455 | D:8      | Killed Maggie
  7456 | D:8      | Reached skill level 1 in Invocations
  7474 | D:7      | Reached skill level 5 in Fire Magic
  7549 | D:8      | Noticed Grum
  7745 | D:8      | Killed Grum
  7764 | D:8      | Reached skill level 5 in Stealth
  7847 | D:8      | HP: 2/79 [Gastronok (23)]
  7849 | D:8      | Slain by Gastronok

Illustrated notes

Levels and vault maps discovered:
D:1:      minmay_arrival_arboretum_small, layout_rooms
D:2:      wander_river, layout_basic, shapermc_ecumenical_altar_mp_highgroup,
          serial_shops, nicolae_shop_gaudy_bauble, basic_altar,
          grunt_ministairs_3
D:3:      layout_loops_corners, serial_bayou_lagoon_b
D:4:      kennysheep_slugbush, layout_basic, nicolae_overflow_two_pavilions,
          minmay_temple_entry_butterflies, nicolae_stop_n_shop_1
D:5:      layout_loops_ring, minmay_hedge_maze
D:6:      layout_gridville, nicolae_qazlal_scattered_showers, uniq_duvessa,
          uniq_eustachio, uniq_blork_the_orc, uniq_edmund
D:7:      layout_cave_pods, lemuel_mausoleum_altar_yredelemnul, serial_glass,
          glass_columns_c, glass_columns_a, minmay_gold_behind_fungi
D:8:      lemuel_ice_spiral_2, layout_rooms, uniq_maggie, uniq_gastronok,
          uniq_grum

Skill      XL: |  1  2  3  4  5  6  7  8  9 10 |
---------------+-------------------------------+-----
Dodging        | 1 2 3 4 5 |  5.5
Fighting       | 4 5 6 7 |  7.3
Throwing       | 1 2 3 |  3.2
Stealth        | 1 2 3 4 5 |  5.0
Armour         | 4 5 6 7 |  7.1
Fire Magic     | 1 2 3 4 5 |  5.2
Spellcasting   | 1 2 3 4 |  4.8
Shields        | 4 5 6 |  6.5
Polearms       | 3 4 5 |  5.5
Conjurations   | 1 2 |  2.8
Invocations    | 1 |  1.6

Action                     |  1- 3 |  4- 6 |  7- 9 | 10-12 || total
---------------------------+-------+-------+-------+-------++-------
  Melee: Trident           |   131 |   210 |   369 |    60 ||   770
         Lance             |       |       |       |    52 ||    52
  Throw: Stone             |     1 |     1 |     5 |    33 ||    40
         Dart              |       |     8 |    36 |     2 ||    46
         Boomerang         |       |       |    31 |       ||    31
   Cast: Scorch            |       |     1 |    15 |    21 ||    37
         Flame Wave        |       |       |     1 |       ||     1
Ability: Hop               |     1 |       |     3 |     1 ||     5
    Use: Scroll            |     6 |     2 |    10 |       ||    18
         Potion            |     2 |     1 |     2 |     4 ||     9
   Stab: Sleeping          |       |     2 |     2 |       ||     4
         Invisible         |       |     1 |       |       ||     1
         Distracted        |       |       |     2 |       ||     2
 Armour: Scale mail        |    47 |       |       |       ||    47
         Leather armour    |    15 |   114 |   243 |    55 ||   427
  Dodge: Dodged            |    53 |    90 |   219 |    57 ||   419
  Block: Buckler           |    28 |    30 |    94 |    31 ||   183

Table legend: (Time is in decaauts)
 A = Elapsed time spent in this place.
 B = Non-inter-level travel time spent in this place.
 C = Inter-level travel time spent in this place.
 D = Time resting spent in this place.
 E = Time spent auto-exploring this place.
 F = Levels seen in this place.
 G = Mean time per level.
                   A        B        C        D        E       F      G
               +--------+--------+--------+--------+--------+-----+--------+
         Total |   8954 |   8702 |    252 |    928 |   4728 |   8 | 1119.2 |
       Dungeon |   8954 |   8702 |    252 |    928 |   4728 |   8 | 1119.2 |
               +--------+--------+--------+--------+--------+-----+--------+

Top non-repeatable levels by time:
     D:7: 2031 daAuts
     D:6: 1563 daAuts
     D:4: 1273 daAuts
     D:3: 1240 daAuts
     D:5: 1185 daAuts
     D:2: 900 daAuts
     D:1: 563 daAuts
     D:8: 198 daAuts
